 Dungeon Crawl Stone Soup version 0.25.0-1-g7eea58d2a3 (webtiles) character file.

Game seed: 16449051622453339508

43 Descartes the Skirmisher (level 3, -1/30 HPs)
             Began as a Formicid Abyssal Knight on June 14, 2020.
             Was a Follower of Lugonu.
             Slain by a quokka (2 damage)
             ... on level 1 of the Dungeon.
             The game lasted 00:02:31 (1272 turns).

Descartes the Skirmisher (Formicid Abyssal Knight)  Turns: 1272, Time: 00:02:31

Health: -1/30      AC:  3    Str: 16    XL:     3   Next: 82%
Magic:  4/4        EV: 11    Int: 12    God:    Lugonu [*.....]
Gold:   7          SH:  0    Dex: 10    Spells: 2/2 levels left

rFire    . . .     SeeInvis +   a - +1 hand axe
rCold    . . .     Gourm    .   (no shield)
rNeg     . . .     Faith    .   b - +0 leather armour
rPois    .         Spirit   .   (helmet unavailable)
rElec    .         Reflect  .   (no cloak)
rCorr    .         Harm     .   (no gloves)
MR       .....                  (no boots)
Stlth    +.........             (no amulet)
HPRegen  0.10/turn              (no ring)
MPRegen  0.09/turn              (no ring)

@: no status effects
A: permanent stasis, dig shafts and tunnels, four strong arms, antennae 3
a: Dig, Shaft Self, Depart the Abyss, Renounce Religion


You were on level 1 of the Dungeon.
You worshipped Lugonu.
Lugonu was aware of your devotion.
You were not hungry.

You visited 1 branch of the dungeon, and saw 2 of its levels.
You visited the Abyss 1 time.

You collected 7 gold pieces.

Inventory:

Hand Weapons
 a - a +1 hand axe (weapon)
Missiles
 g - 20 poisoned darts (quivered)
 i - 20 stones
Armour
 b - a +0 leather armour (worn)
Scrolls
 d - 2 scrolls of remove curse {unknown}
Potions
 e - a potion of heal wounds {unknown}
 h - a potion of ambrosia {unknown}
Comestibles
 c - 3 rations
 f - a chunk of flesh


   Skills:
 + Level 4.0 Fighting
 + Level 2.6 Axes
 + Level 2.4 Armour
 - Level 1.1 Dodging
 + Level 2.5 Invocations


You had 2 spell levels left.
You didn't know any spells.
Your spell library was empty.

Dungeon Overview and Level Annotations

Branches:
Dungeon (2/15)

Altars:
Nemelex Xobeh


Innate Abilities, Weirdness & Mutations

You cannot be hasted, slowed, berserked, paralysed or teleported.
You can dig through walls and to a lower floor.
Your four strong arms can wield two-handed weapons with a shield.
You have a pair of large antennae on your head. (SInv)


Message History

* * * LOW HITPOINT WARNING * * *
The quokka closely misses you. The quokka bites you.
* * * LOW HITPOINT WARNING * * *
You see here a +0 club.
The quokka barely misses you.
There is a stone staircase leading up here.
The quokka bites you.
* * * LOW HITPOINT WARNING * * *
You climb upwards.
There is a stone staircase leading down here.
You hit the quokka.
The quokka is moderately wounded.
The quokka barely misses you.
You hit the quokka.
The quokka is severely wounded.
The quokka bites you.
* * * LOW HITPOINT WARNING * * *
The quokka bites you.
You die...

#..........#...............##
#.......).##...........##....
#..........#.##.#.####.###...
#............#....# #...#)#.
##########........## ###.#...
#########.........## #.##..
######..................## #.##.#
............##...........###..#.#
.......รท....##..@................
.......)....##..r.....#..####...#
................................#
............###.....#.###..###...
.................##.#..###..###.#
######......####..#..............
######## ##.####.#####.....
#.###............
#................


You could see a quokka.

Vanquished Creatures
  An adder (D:2)
  2 dart slugs (D:1)
  2 leopard geckos (D:1)
  A ball python (D:1)
  4 bats (D:1)
  2 giant cockroaches (D:1)
  3 hobgoblins
  3 frilled lizards
  3 goblins (D:1)
  3 kobolds (D:1)
  4 rats (D:1)
28 creatures vanquished.

Notes
Turn   | Place    | Note
-------+----------+-------------------------------------------
     0 | Abyss:1  | Descartes the Formicid Abyssal Knight began the quest for
                  | the Orb.
     0 | Abyss:1  | Reached XP level 1. HP: 18/18 MP: 2/2
    42 | Abyss:1  | Noticed an eye of draining
    58 | Abyss:1  | Noticed a tentacled starspawn
    58 | Abyss:1  | Noticed a demonic crawler
    61 | Abyss:1  | Noticed a small abomination
    70 | D:1      | Escaped the Abyss
   302 | D:1      | Reached skill level 1 in Dodging
   424 | D:1      | Reached XP level 2. HP: 24/24 MP: 3/3
   484 | D:1      | Reached * piety under Lugonu
   540 | D:1      | Reached XP level 3. HP: 21/30 MP: 4/4
   690 | D:1      | Reached skill level 4 in Fighting
  1036 | D:1      | Found a sparkling altar of Nemelex Xobeh.
  1272 | D:1      | HP: 1/30 [quokka (1)]
  1272 | D:1      | Slain by a quokka

Illustrated notes

Levels and vault maps discovered:
D:1:      dpeg_arrival_lava_altar, layout_rooms, minmay_misc_feat_room,
          nemelex_diamond_rough_becter
D:2:      layout_loops_ring, overflow_temple_1_default, grunt_ministairs_15,
          kennysheep_generic_room_5, uniq_terence

Skill      XL: |  1  2  3 |
---------------+----------+-----
Dodging        | 1 |  1.1
Fighting       | 4 |  4.0
Axes           | |  2.6
Armour         | |  2.4
Invocations    | |  2.5

Action                   || total
-------------------------++-------
Melee: Hand axe          ||   104
Invok: Depart the Abyss  ||     1
  Eat: Chunk             ||     1
Armor: Leather armour    ||    42
Dodge: Dodged            ||    81
